 Dungeon Crawl Stone Soup version 0.29-a0-474-gdfe5cd140f (webtiles) character file.

Game seed: 9202138813583549958

1936 Infinimo the Insei (level 8, -1/60 (64) HPs)
             Began as a Demonspawn Gladiator on May 24, 2022.
             Was an Initiate of Gozag.
             Slain by a wight
             ... wielding a +5 flail of freezing
              (7 damage)
             ... on level 6 of the Dungeon.
             The game lasted 00:07:47 (8111 turns).

Infinimo the Insei (Demonspawn Gladiator)           Turns: 8111, Time: 00:07:48

HP:   -1/60 (64)    AC:  5    Str: 26    XL:     8   Next: 97%
MP:   8/8           EV: 14    Int: 12    God:    Gozag
Gold: 563           SH:  5    Dex: 15    Spells: 7/7 levels left

rFire   + . .      SeeInvis .   j - +9 hand axe of Cheese {vorpal, Str+6}
rCold   + . .      Faith    .   (no shield)
rNeg    . . .      Spirit   .   o - +1 robe {rC+ rF+}
rPois   .          Reflect  +   c - +1 helmet
rElec   .          Harm     .   p - scarf {repulsion}
rCorr   .          Rampage  .   (no gloves)
Will    .....                   (no boots)
Stlth   +.........              x - amulet of reflection
HPRegen 0.20/turn               l - +6 ring of strength
MPRegen 0.11/turn               (no ring)

@: mighty, drained, repel missiles
A: claws 1, hooves 1, powered by death 1
a: Renounce Religion, Potion Petition, Call Merchant, Bribe Branch


You were on level 6 of the Dungeon.
You worshipped Gozag.
Gozag was pleased with you.
You visited 1 branch of the dungeon, and saw 6 of its levels.

You collected 610 gold pieces.
You paid 47 gold pieces to Gozag.

Inventory:

Hand Weapons
 j - the +9 hand axe of Cheese (weapon) {vorpal, Str+6}
   (You found it on level 2 of the Dungeon)

   It inflicts extra damage upon your enemies.
   Str:       It affects your strength (+6).
Missiles
 d - 5 throwing nets (quivered)
 e - a javelin
Armour
 c - a +1 helmet (worn)
 o - a +1 robe of resistance (worn)
 p - a scarf of repulsion (worn)
Jewellery
 l - a +6 ring of strength (left claw)
 x - an amulet of reflection (around neck)
Scrolls
 k - 2 scrolls of enchant weapon
Potions
 f - 6 potions of flight
 g - 2 potions of resistance
 h - 2 potions of magic
 m - a potion of cancellation
 n - 2 potions of brilliance
 r - a potion of haste {unknown}
 t - a potion of invisibility {unknown}
 w - 2 potions of curing


   Skills:
 + Level 6.1 Fighting
 - Level 3.7 Maces & Flails
 - Level 1.7 Throwing
 + Level 6.0 Dodging
 * Level 6.9 Unarmed Combat


You had 7 spell levels left.
You didn't know any spells.
Your spell library contained the following spells:

 Spells                   Type           Power      Damage    Failure   Level
 Apportation              Tloc           0%         N/A       32%         1
 Slow                     Hex            0%         N/A       32%         1
 Confusing Touch          Hex            0%         N/A       69%         3
 Ignite Poison            Fire/Tmut/Pois 0%         N/A       69%         3
 Mephitic Cloud           Conj/Pois/Air  0%         N/A       69%         3
 Vampiric Draining        Necr           0%         2d6       69%         3
 Alistair's Intoxication  Tmut/Pois      0%         N/A       100%        5
 Freezing Cloud           Conj/Ice/Air   0%         6-21      100%        5


Dungeon Overview and Level Annotations

Branches:
Dungeon (6/15)             Temple (0/1) D:6

Altars:
Fedhas
Gozag
Makhleb
Qazlal
Trog
Vehumet

Annotations:
D:5 2 runed translucent doors, Opifex's ghost, amateur PaHu
D:6 2 runed translucent doors


Innate Abilities, Weirdness & Mutations

You have sharp fingernails.
You have large cloven feet.
You regenerate a little health from kills.


Message History

You kick the necrophage, but do no damage.
The necrophage hits you.
You feel drained.
You destroy the necrophage!
Your life force feels restored.
Your Dodging skill increases to level 6!
No target in view!
You now have 563 gold pieces (gained 7).
A wight comes into view.
It is wielding a +5 flail of freezing and wearing a +2 robe of fire resistance.
A wight is nearby!
An iguana and a wight come into view.
The wight hits you from afar with a +2 halberd!
You block the wight's attack.
The wight hits you from afar with a +2 halberd.
The wight hits you with a +5 flail of freezing!
The wight freezes you. You block the wight's attack.
You are too injured to fight recklessly!
The wight attacks as you move away!
The wight hits you with a +5 flail of freezing!
You feel drained. The wight freezes you. The wight attacks as you move away!
Okay, then.
Okay, then.
The wight attacks as you move away!
The wight hits you with a +5 flail of freezing.
* * * LOW HITPOINT WARNING * * *
You feel drained.
* * * LOW HITPOINT WARNING * * *
The wight freezes you.
* * * LOW HITPOINT WARNING * * *
The wight attacks as you move away! You block the wight's attack.
The wight attacks as you move away!
The wight hits you with a +5 flail of freezing!
* * * LOW HITPOINT WARNING * * *
The wight freezes you.
* * * LOW HITPOINT WARNING * * *
It was a potion of might.
You feel very mighty all of a sudden.
The wight hits you with a +5 flail of freezing!
You die...
Your body crumbles into a pile of gold.

# ##...###### ##.....#######.#
###....§§≈..####.......#......#
##....≈≈§§≈.##....._.....##.#.##
#....≈§≈≈§≈≈.#.#.......####....##
'....≈§≈>≈§§...##.....##.........
#....≈≈§≈≈≈§##..##...#####.....##
##....≈§≈≈≈.###.###z## #.....##
##....§≈≈..# ##[z..# ##....#
##...###### #@#### ##.#.### ##+##
#.# ###.#.. #.# #.# #...... #.#
#.# #.#.#.. ##.##########.#
#.#.#.. ####..........##.# #
#.... ........#####.##.# ###..
####<..######.##.# $ #..
#####..##........# #..


You could see 2 wights.

Vanquished Creatures
  Pikel (D:6)
  2 ice beasts
  A black bear (D:5)
  An ogre (D:4)
  4 lemures
  A phantom (D:5)
  Blork the orc (D:5)
  A necrophage (D:6)
  3 wights (D:6)
  3 killer bees (D:4)
  2 hounds (D:5)
  2 orc priests
  2 jellies
  4 iguanas
  Terence (D:2)
  Ijyb (D:3)
  4 orc wizards
  7 adders
  2 white imps
  An ufetubus (D:4)
  6 worms
  3 dart slugs
  14 orcs
  5 endoplasms
  3 giant cockroaches
  5 goblins
  4 hobgoblins
  4 jackals (D:5)
  6 quokkas
  3 ball pythons
  6 bats
  6 frilled lizards
  5 kobolds
  3 rats
117 creatures vanquished.

Vanquished Creatures (others)
  3 fungi (D:3)
3 creatures vanquished.

Grand Total: 120 creatures vanquished

Notes
Turn   | Place    | Note
-------+----------+-------------------------------------------
     0 | D:1      | Infinimo the Demonspawn Gladiator began the quest for the
                  | Orb.
     0 | D:1      | Reached XP level 1. HP: 16/16 MP: 1/1
   236 | D:1      | Gained mutation: You regenerate a little health from kills.
                  | [demonic ancestry]
   236 | D:1      | Reached XP level 2. HP: 22/22 MP: 2/2
  1096 | D:2      | Reached XP level 3. HP: 15/28 MP: 3/3
  1477 | D:2      | Identified the +9 hand axe of Cheese {vorpal, Str+6}
  1688 | D:2      | Noticed Terence
  1693 | D:2      | Killed Terence
  1694 | D:2      | Discovered your monstrous ancestry.
  1694 | D:2      | Gained mutation: You have sharp fingernails. [demonic
                  | ancestry]
  1694 | D:2      | Reached XP level 4. HP: 27/34 MP: 4/4
  2226 | D:3      | Reached skill level 1 in Unarmed Combat
  2390 | D:3      | Found a faded altar of an unknown god.
  2512 | D:3      | Reached XP level 5. HP: 35/41 MP: 5/5
  2782 | D:3      | Noticed Ijyb
  2791 | D:3      | Paralysed by Ijyb for 2 turns
  2803 | D:3      | Killed Ijyb
  3075 | D:3      | Found a faded altar of an unknown god.
  3078 | D:3      | Found a radiant altar of Vehumet.
  3274 | D:4      | Noticed an ogre
  3640 | D:4      | Found an opulent altar of Gozag.
  3669 | D:4      | Killed an ogre
  3670 | D:4      | Reached XP level 6. HP: 48/48 MP: 6/6
  3680 | D:4      | Identified the +5 long sword of Egomania {flame, +Blink
                  | MP+9}
  3697 | D:4      | Became a worshipper of Gozag Ym Sagoz the Greedy
  4383 | D:4      | Reached XP level 7. HP: 54/54 MP: 7/7
  4646 | D:5      | Entered Level 5 of the Dungeon
  5104 | D:5      | Noticed Blork the orc
  5189 | D:5      | Killed Blork the orc
  5369 | D:5      | Found a bloodstained altar of Trog.
  5433 | D:5      | Reached skill level 5 in Unarmed Combat
  5570 | D:5      | Reached skill level 5 in Fighting
  5570 | D:5      | Reached skill level 5 in Dodging
  5570 | D:5      | Gained mutation: You have large cloven feet. [demonic
                  | ancestry]
  5570 | D:5      | Reached XP level 8. HP: 39/62 MP: 8/8
  5728 | D:5      | Found a runed translucent door.
  5735 | D:5      | Noticed Opifex's ghost (amateur PaHu)
  5839 | D:5      | Found a runed translucent door.
  6340 | D:6      | Noticed Pikel
  6512 | D:6      | Killed Pikel
  6716 | D:6      | Found a burning altar of Makhleb.
  6846 | D:6      | Found a stormy altar of Qazlal.
  6978 | D:6      | Found a large runed translucent door.
  6979 | D:6      | Found a large runed translucent door.
  7161 | D:6      | Noticed a two-headed ogre
  7910 | D:6      | Found a blossoming altar of Fedhas.
  7931 | D:6      | Found a staircase to the Ecumenical Temple.
  8111 | D:6      | Slain by a wight

Illustrated notes

Levels and vault maps discovered:
D:1:      dpeg_arrival_rooms_b, layout_loops_ring
D:2:      layout_basic, uniq_terence
D:3:      layout_basic, nicolae_overflow_ecumenical_swirl,
          shapermc_ecumenical_altar_ellora, uniq_ijyb
D:4:      layout_loops_ring, grunt_gozag_breadcrumbs,
          cheibrodos_sewer_entry_bend, kennysheep_boxes
D:5:      layout_loops_ring, kennysheep_little_box, ebering_ghost_sewer_f,
          serial_bayou_crossing, uniq_blork_the_orc
D:6:      layout_loops_corners, lemuel_round_altar,
          mainiacjoe_overflow_alcove_4, lemuel_coloured_pillars_altar,
          nicolae_qazlal_scattered_showers, jmf_multi_god_temple2,
          minmay_temple_entry_mist, grunt_tough_drop, uniq_pikel

Skill      XL: |  1  2  3  4  5  6  7  8 |
---------------+-------------------------+-----
Maces & Flails | 3 |  3.7
Dodging        | 3 4 5 6 |  6.0
Fighting       | 3 4 5 6 |  6.1
Unarmed Combat | 1 2 3 5 6 |  6.9
Throwing       | |  1.7

Action                   |  1- 3 |  4- 6 |  7- 9 || total
-------------------------+-------+-------+-------++-------
Melee: Flail             |    80 |       |       ||    80
       Hand axe          |    13 |   106 |   139 ||   258
       Punch             |       |     1 |     7 ||     8
       Kick              |       |       |    17 ||    17
  Use: Scroll            |       |    10 |     8 ||    18
       Potion            |       |     1 |     1 ||     2
 Stab: Sleeping          |     1 |       |       ||     1
Armor: Leather armour    |    25 |    17 |    27 ||    69
       Robe              |       |       |     2 ||     2
Dodge: Dodged            |    47 |    42 |    66 ||   155
       Repelled          |       |     1 |       ||     1
Block: Other             |       |    12 |    34 ||    46

Table legend: (Time is in decaauts)
 A = Elapsed time spent in this place.
 B = Non-inter-level travel time spent in this place.
 C = Inter-level travel time spent in this place.
 D = Time resting spent in this place.
 E = Time spent auto-exploring this place.
 F = Levels seen in this place.
 G = Mean time per level.
                   A        B        C        D        E       F      G
               +--------+--------+--------+--------+--------+-----+--------+
         Total |   8229 |   7917 |    312 |    334 |   6488 |   6 | 1371.5 |
       Dungeon |   8229 |   7917 |    312 |    334 |   6488 |   6 | 1371.5 |
               +--------+--------+--------+--------+--------+-----+--------+

Top non-repeatable levels by time:
     D:5: 2121 daAuts
     D:3: 1446 daAuts
     D:4: 1393 daAuts
     D:2: 1288 daAuts
     D:6: 1107 daAuts
     D:1: 872 daAuts
